 Dungeon Crawl Stone Soup version 0.28-a0-612-gcfc00ec14d (webtiles) character file.

Game seed: 3057334787783796855

317418 meatgazer the Phalangite (level 20, -6/297 HPs)
             Began as a Minotaur Berserker on Oct 5, 2021.
             Was the Champion of Trog.
             Mangled by a vault guard (9 damage)
             ... on level 5 of the Vaults.
             The game lasted 01:53:01 (51786 turns).

meatgazer the Phalangite (Minotaur Berserker)      Turns: 51786, Time: 01:53:02

Health: -6/297     AC: 41    Str: 31    XL:     20   Next: 55%
Magic:  0/19       EV:  9    Int:  5    God:    Trog [******]
Gold:   2329       SH:  8    Dex: 28    Spells: 19/19 levels left

rFire   + . .      SeeInvis +   Q - +10 halberd "Fuuta" {flame, Dex+2}
rCold   + . .      Faith    .   (shield currently unavailable)
rNeg    . . .      Spirit   +   E - +5 gold dragon scales
rPois   +          Reflect  .   z - +2 hat of a sewer {Will++}
rElec   +          Harm     .   F - +2 cloak of Jiwkad {SInv}
rCorr   .          Rampage  .   b - +1 pair of gloves {Dex+3}
Will    ++++.                   a - +2 pair of boots {Stlth+}
Stlth   ..........              k - brooch of Shielding {Spirit SH+8}
HPRegen 0.59/turn               J - ring "Irureis" {rElec Will+ Str+4 Dex+2 SInv}
MPRegen 0.16/turn               R - +6 ring of dexterity

@: mighty, berserking, flayed, very quick
A: horns 2, retaliatory headbutt, strong 1, MP-powered wands
}: 2/15 runes: decaying, serpentine
a: Renounce Religion, Berserk, Trog's Hand, Brothers in Arms


You were on level 5 of the Vaults.
You worshipped Trog.
Trog was exalted by your worship.
You visited 6 branches of the dungeon, and saw 36 of its levels.
You visited the Abyss 2 times.
You visited 1 bazaar.
You also visited: Bailey and Gauntlet.

You collected 6050 gold pieces.
You spent 3721 gold pieces at shops.

Inventory:

Hand Weapons
 f - the +3 trident "Yniahafu" {holy, *Noise rElec Int+6 Dex+3}
   (You bought it in a shop on level 2 of the Orcish Mines)

   It has been blessed by the Shining One to cause great damage to the undead
   and demons.
   Int:       It affects your intelligence (+6).
   Dex:       It affects your dexterity (+3).
   rElec:     It insulates you from electricity.
   *Noise:    It may make noises in combat.
 h - a +1 demon trident of distortion
 i - the +11 war axe of the Gloaming {vorpal, rElec Will+ Str+5 SInv}
   (Trog gifted it to you on level 1 of the Vaults)

   It inflicts extra damage upon your enemies.
   Str:       It affects your strength (+5).
   rElec:     It insulates you from electricity.
   SInv:      It lets you see invisible.
   Will:      It increases your willpower.
 w - the +4 great mace "Eschuew" {flame, *Noise rF+ rC+ SInv}
   (You took it off a fire giant on level 2 of the Vaults)

   It burns those it strikes, dealing additional fire damage.
   rF:        It protects you from fire.
   rC:        It protects you from cold.
   SInv:      It lets you see invisible.
   *Noise:    It may make noises in combat.
 I - a +3 vorpal trident
 K - a +4 shortbow of freezing
 Q - the +10 halberd "Fuuta" (weapon) {flame, Dex+2}
   (Trog gifted it to you on level 2 of the Snake Pit)

   It burns those it strikes, dealing additional fire damage.
   Big, fiery blades are also staple armaments of hydra-hunters.
   Dex:       It affects your dexterity (+2).
 U - a +1 halberd
Missiles
 O - 490 arrows
Armour
 a - a +2 pair of boots of stealth (worn)
 b - a +1 pair of gloves of dexterity (worn)
 v - a +0 tower shield of reflection
 z - the +2 hat of a sewer (worn) {Will++}
   (You found it in a Gauntlet)

   Will:      It greatly increases your willpower.
 E - +5 gold dragon scales (worn)
 F - the +2 cloak of Jiwkad (worn) {SInv}
   (You bought it in a shop on level 14 of the Dungeon)

   SInv:      It lets you see invisible.
 G - +0 shadow dragon scales
 S - the +1 scale mail of the Old World {*Corrode +Blink Int+4 Slay+2}
   (You found it on level 2 of the Vaults)

   Int:       It affects your intelligence (+4).
   Slay:      It affects your accuracy & damage with ranged weapons and melee
   (+2).
   +Blink:    It lets you blink.
   *Corrode:  It may corrode you when you take damage.
Jewellery
 k - the brooch of Shielding (around neck) {Spirit SH+8}
   (You bought it in a shop on level 2 of the Orcish Mines)

   [amulet of guardian spirit]

   It causes incoming damage to be divided between your reserves of health and
   magic.
   SH:        It affects your SH (+8).
 x - a +6 ring of strength
 J - the ring "Irureis" (left hand) {rElec Will+ Str+4 Dex+2 SInv}
   (You found it on level 2 of the Vaults)

   [ring of willpower]

   Str:       It affects your strength (+4).
   Dex:       It affects your dexterity (+2).
   rElec:     It insulates you from electricity.
   SInv:      It lets you see invisible.
   Will:      It increases your willpower.
 R - a +6 ring of dexterity (right hand)
 T - the amulet of Sif Muna's Respect {Acrobat rN+ Stlth+}
   (You found it on level 2 of the Vaults)

   [amulet of the acrobat]

   It increases your evasion while moving and waiting.
   rN:        It protects you from negative energy.
   Stlth:     It makes you more stealthy.
Wands
 d - a wand of flame (104)
 m - a wand of polymorph (5)
 p - a wand of mindburst (26)
 r - a wand of acid (40)
 t - a wand of paralysis (53)
 A - a wand of digging (8)
 C - a wand of iceblast (23)
Scrolls
 j - 8 scrolls of teleportation
 n - 2 scrolls of magic mapping
 q - a scroll of blinking
 s - 15 scrolls of identify
 u - a scroll of holy word
 B - 7 scrolls of fear
 H - a scroll of fog
Potions
 c - 4 potions of invisibility
 e - 9 potions of flight
 g - 3 potions of mutation
 l - 2 potions of resistance
 D - 6 potions of haste
 L - 11 potions of curing
 M - 3 potions of ambrosia
 N - 2 potions of cancellation
 P - 2 potions of might
 V - a potion of heal wounds
Miscellaneous
 o - a condenser vane (inert)
 y - a tin of tremorstones (1/2)


   Skills:
 + Level 21.2 Fighting
 + Level 8.2(17.7) Axes
 + Level 24.0(24.4) Polearms
 + Level 21.2 Armour
 - Level 2.1 Dodging
 + Level 17.2 Shields
 + Level 15.0 Evocations


You had 19 spell levels left.
You didn't know any spells.
Your spell library was empty.

Dungeon Overview and Level Annotations

Branches:
Dungeon (15/15)            Temple (0/1) D:4            Lair (6/6) D:8
  Swamp (4/4) Lair:2        Snake (4/4) Lair:3        Slime (0/5) Lair:6
    Orc (2/2) D:9             Elf (0/3) Orc:2        Vaults (5/5) D:14
  Crypt (0/3) Vaults:2     Depths (0/4) D:15         Bailey (visited)
Gauntlet (visited)

Altars:
Ashenzari
Okawaru
Uskayaw
Vehumet
Yredelemnul
Zin
Beogh
Jiyva

Shops:
D:4 ?   D:10 !   D:13 [   D:14 [   D:15 (   Orc:2 =*(**?:[[   Snake:1 =::
Snake:2 ((([   Vaults:2 (?   Vaults:3 *

Annotations:
Lair:6 2 transporters, Qiur's ghost, journeyman DECj
Vaults:4 2 transporters, exclusion: orange crystal statue


Innate Abilities, Weirdness & Mutations

You have a pair of horns on your head.
You reflexively headbutt those who attack you in melee.
Your muscles are strong. (Str +2)
You expend magic power (3 MP) to strengthen your wands.


Message History

The ironbound convoker casts a spell at the frost giant.
The frost giant seems to grow stronger.
The vault guard hits you from afar with a +0 glaive!
* * * LOW HITPOINT WARNING * * *
You puncture the vault guard! You burn the vault guard.
You headbutt the vault guard!
The vault guard is heavily wounded.
You impale the vault guard!! You burn the vault guard!
You feel the power of Trog in you as your rage grows.
You kill the vault guard!
Trog accepts your kill. The vault guard completely misses you.
The vault guard hits you but does no damage.
You block the vault warden's attack.
The vault guard hits you but does no damage.
The vault guard hits you from afar with a +0 glaive.
* * * LOW HITPOINT WARNING * * *
The vault guard hits you but does no damage.
The vault guard hits you with a +3 battleaxe.
* * * LOW HITPOINT WARNING * * *
The vault guard hits you but does no damage. x2
The vault guard barely misses you.
You puncture the vault warden! You burn the vault warden.
The vault warden is lightly wounded.
The vault guard hits you but does no damage.
You closely miss the vault warden. Your headbutt misses the vault warden.
The vault warden is lightly wounded.
The runic seals fade away.
You block the vault guard's attack. x2
The vault warden hits you but does no damage.
The vault guard hits you but does no damage.
The vault guard barely misses you.
The vault guard hits you but does no damage.
A vault sentinel comes into view. It is wielding a +0 falchion.
The vault guard hits you with a +3 battleaxe.
* * * LOW HITPOINT WARNING * * *
You block the vault guard's attack. The vault guard barely misses you.
You furiously retaliate!
You headbutt the vault guard!!
The vault guard hits you but does no damage.
The vault guard hits you with a +1 great mace!
You die...

.. #....#.....
...#....#....
...#....#...
...........
##...ooh..#####
....o4pppX.....
.....ppppp.....
....opp@pW.....
.....ppppp....$
##...oCppC#####
..........p.
...#....#.#.#
.. #....#.#C# .
#....#.# .
#....#.#


p You could see a tentacled monstrosity, 2 titans, a frost giant (strong), a
vault warden, 16 vault guards, an orc knight, a flayed ghost, a vault sentinel,
2 ironbound convokers, a warg, an orc sorcerer (strong), a red devil (summoned),
an orc warrior (strong) and 2 orcs.

Vanquished Creatures
  Mara (Vaults:4)
  A bone dragon (Abyss:1)
  A tentacled monstrosity (Swamp:3)
  Rupert (D:14)
  Jorgrun (D:13)
  Mlioglotl (Swamp:4)
  The ghost of Zenkrye the Severer, an adept FoAK of Lugonu (Vaults:2)
  7 sphinxes
  A tentacled starspawn (Abyss:1)
  2 thorn hunters
  A tengu reaver (Vaults:1)
  A shadow dragon (Vaults:2)
  7 nagarajas
  A frost giant (Vaults:2)
  An orc warlord (Orc:1)
  10 vault wardens
  2 fenstrider witches (Swamp:2)
  A balrug (Abyss:1)
  3 fire giants (Vaults:2)
  A ghost moth (Abyss:4)
  The ghost of robertstho the Eclecticist, a journeyman DjFE of Gozag (D:14)
  Aizul (Swamp:2)
  20 ironbound preservers
  A stone giant (Vaults:1)
  The ghost of Juirae the Grappler, a journeyman TrMo of Wu Jian (Lair:4)
  9 very ugly things
  4 war gargoyles
  A deep elf demonologist (Vaults:1)
  9 dire elephants
  A minotaur (Gauntlet)
  A green death (Abyss:4)
  2 bunyips (Swamp:1)
  4 eleionomae
  2 crystal guardians (Vaults:3)
  A deep elf death mage (Vaults:1)
  2 shambling mangroves
  5 ettins
  Josephine (D:13)
  4 great orbs of eyes
  Erolcha (Orc:2)
  3 salamander tyrants (Snake:4)
  21 vault guards
  11 ironbound thunderhulks
  6 yaktaur captains
  9 naga warriors
  3 peacekeepers
  7 boulder beetles
  15 hydras
  An ogre mage (D:15)
  8 two-headed ogres
  11 centaur warriors
  A ghost crab (Swamp:4)
  6 anacondas
  9 ironbound frosthearts
  A death yak (Lair:6)
  A catoblepas (D:14)
  2 death knights
  4 alligators
  A thrashing horror (Abyss:4)
  6 shock serpents
  5 naga sharpshooters
  Sonja (D:12)
  3 sun demons (Abyss:1)
  2 hell knights (Vaults:2)
  A wretched star (Abyss:1)
  5 salamander mystics
  A fire crab (shapeshifter) (D:15)
  33 deep trolls
  A skeletal warrior (D:12)
  A death drake (Swamp:2)
  A golden dragon zombie (Vaults:4)
  2 goliath frogs (Swamp:2)
  10 swamp dragons
  A spriggan druid (Swamp:4)
  7 ironbound convokers
  11 wizards
  4 lindwurms
  3 naga ritualists
  6 orc knights
  3 deep elf pyromancers
  33 ugly things
  3 necromancers
  An orc sorcerer (Orc:2)
  A wolf spider (D:15)
  A fire giant zombie (Vaults:2)
  5 mana vipers
  4 cyclopes
  5 manticores
  25 elephants
  A will-o-the-wisp (Swamp:4)
  17 vault sentinels
  14 salamanders
  3 gargoyles
  A worldbinder (Abyss:1)
  10 naga magi
  12 cane toads
  5 smoke demons
  A frost giant skeleton (Vaults:2)
  A human skeleton (Vaults:3)
  30 black mambas
  A guardian serpent (Snake:2)
  An orange demon (Abyss:1)
  2 unseen horrors
  24 yaktaurs
  2 rime drakes
  A kobold demonologist (D:11)
  A tormentor (Abyss:4)
  2 efreet
  A freezing wraith (D:12)
  A hellion (Abyss:1)
  An ice devil (Abyss:1)
  11 komodo dragons
  2 ancient zymes
  3 bloated husks
  A queen bee (shapeshifter) (D:14)
  3 trolls
  8 tyrant leeches
  A wolf spider simulacrum (D:14)
  3 meliai (D:15)
  13 hornets
  6 polar bears
  7 blink frogs
  9 dream sheep
  20 slime creatures
  A human simulacrum (Vaults:3)
  3 centaur simulacra (Gauntlet)
  A stone giant simulacrum (Vaults:4)
  A deep troll zombie (Vaults:3)
  3 ynoxinuls
  8 spriggans
  An elf simulacrum (Vaults:4)
  7 wraiths
  A yak (shapeshifter) (D:15)
  A redback (shapeshifter) (D:15)
  83 yaks
  7 basilisks
  7 vampire mosquitoes
  A chaos spawn (Abyss:1)
  5 neqoxecs
  A steam dragon (D:7)
  5 large abominations
  31 nagas
  4 wargs
  11 swamp worms
  An acid dragon (D:11)
  11 water moccasins
  An acid dragon (shapeshifter) (D:13)
  6 swamp drakes
  27 orc warriors
  2 ice beasts
  2 sky beasts
  An ettin simulacrum (Vaults:4)
  7 black bears
  3 human zombies
  A necrophage (D:5)
  13 wolves
  12 ogres
  5 boggarts (D:14)
  6 centaurs
  A phantom (D:7)
  3 kobold brigands
  17 bullfrogs
  4 scorpions
  4 small abominations
  6 wights
  6 howler monkeys
  2 electric eels (Lair:5)
  3 quasits (D:14)
  A wyvern simulacrum (Gauntlet)
  Crazy Yiuf (D:5)
  A bullfrog zombie (D:6)
  2 jellies
  3 centaur zombies
  2 gnoll shamans
  3 hounds
  21 orc priests
  3 centaur skeletons
  A scorpion zombie (D:5)
  Terence (D:3)
  4 iguanas
  17 orc wizards
  7 hell rats (Lair:4)
  A hound skeleton (D:4)
  13 gnolls
  13 adders
  2 shadow imps
  2 white imps (Gauntlet)
  An adder skeleton (D:4)
  An adder zombie (D:5)
  2 worms (D:4)
  3 dart slugs
  82 orcs
  4 endoplasms
  5 giant cockroaches
  20 goblins
  5 hobgoblins
  4 jackals (D:1)
  5 quokkas
  10 ball pythons
  3 bats
  4 frilled lizards
  21 kobolds
  10 rats
  A briar patch (Swamp:1)
  A starspawn tentacle (Abyss:4)
1246 creatures vanquished.

Vanquished Creatures (collateral kills)
  Margery (Vaults:2)
  Nikola (Swamp:3)
  A tentacled starspawn (Abyss:4)
  2 orc warlords
  2 vault wardens
  A bunyip (Swamp:3)
  A dire elephant (Vaults:2)
  A yaktaur captain (Vaults:2)
  A hydra (Lair:1)
  2 ironbound thunderhulks
  A catoblepas (Lair:6)
  A deep troll shaman (Lair:6)
  2 death yaks (Lair:6)
  An orc high priest (Orc:2)
  2 hell knights (Vaults:2)
  3 large abominations
  A shadow demon (Abyss:4)
  3 swamp dragons
  A lindwurm (Swamp:4)
  An ironbound convoker (Vaults:2)
  A wizard (Vaults:2)
  A necromancer (Vaults:2)
  3 orc knights (Orc:2)
  2 orc sorcerers (Orc:2)
  A smoke demon (Abyss:4)
  A cane toad (Lair:1)
  2 yaks (Lair:1)
  3 swamp worms
  A warg (Orc:2)
  An ice beast (D:6)
  A black bear (Lair:1)
  9 orc warriors (Orc:2)
  A small abomination (Gauntlet)
  3 orc priests (Orc:2)
  3 orc wizards (Orc:2)
  2 orcs (Orc:2)
  A lurking horror (Abyss:4)
65 creatures vanquished.

Vanquished Creatures (others)
  A naga mage (Snake:1)
  A tyrant leech (Swamp:1)
  4 bloated husks
  A vampire mosquito (Swamp:1)
  A swamp worm (Swamp:1)
  A swamp drake (Swamp:4)
  4 demonic plants (Gauntlet)
  2 foxfires (Swamp:4)
  18 fungi
  38 plants
  4 starspawn tentacles (Abyss:4)
75 creatures vanquished.

Grand Total: 1386 creatures vanquished

Notes
Turn   | Place    | Note
-------+----------+-------------------------------------------
     0 | D:1      | meatgazer the Minotaur Berserker began the quest for the
                  | Orb.
     0 | D:1      | Reached XP level 1. HP: 19/19 MP: 0/0
   226 | D:1      | Reached skill level 4 in Polearms
   310 | D:1      | Reached XP level 2. HP: 27/27 MP: 1/1
   380 | D:1      | HP: 1/27 [gnoll (8)]
   783 | D:1      | Reached XP level 3. HP: 34/34 MP: 2/2
  1335 | D:2      | Reached ** piety under Trog
  1382 | D:2      | Found a faded altar of an unknown god.
  1995 | D:2      | Reached skill level 5 in Fighting
  1995 | D:2      | Reached XP level 4. HP: 37/42 MP: 3/3
  2056 | D:2      | Reached skill level 5 in Polearms
  2070 | D:2      | Found a basalt altar of Yredelemnul.
  2709 | D:3      | Reached XP level 5. HP: 45/49 MP: 4/4
  2864 | D:3      | Noticed Terence
  2867 | D:3      | Killed Terence
  2868 | D:3      | Reached skill level 6 in Polearms
  3113 | D:3      | Reached XP level 6. HP: 19/58 MP: 5/5
  3350 | D:3      | Reached *** piety under Trog
  3774 | D:4      | Found a staircase to the Ecumenical Temple.
  3827 | D:4      | Found Vylurch's Magic Scroll Shop.
  3863 | D:4      | Bought a scroll of enchant weapon for 75 gold pieces
  3863 | D:4      | Bought a scroll of magic mapping for 35 gold pieces
  3873 | D:4      | You fall into a shaft and drop 1 floor!
  3873 | D:5      | Entered Level 5 of the Dungeon
  3880 | D:5      | Reached skill level 7 in Polearms
  4219 | D:4      | Reached XP level 7. HP: 66/66 MP: 6/6
  4549 | D:5      | Identified the +5 plate armour "Lounaw" {rCorr Dex+4}
  4819 | D:5      | Reached **** piety under Trog
  4926 | D:5      | Reached skill level 8 in Polearms
  4951 | D:5      | Found a runed translucent door.
  4952 | D:5      | Noticed Crazy Yiuf
  4990 | D:5      | Killed Crazy Yiuf
  5116 | D:6      | Reached XP level 8. HP: 74/74 MP: 7/7
  5119 | D:6      | Reached skill level 5 in Armour
  5782 | D:6      | Gained mutation: Your muscles are strong. (Str +2) [potion
                  | of mutation]
  5782 | D:6      | Gained mutation: You expend magic power (3 MP) to
                  | strengthen your wands. [potion of mutation]
  6244 | D:6      | Reached skill level 9 in Polearms
  6753 | D:7      | Reached XP level 9. HP: 83/83 MP: 8/8
  7866 | D:7      | Reached skill level 10 in Fighting
  7866 | D:7      | Reached skill level 10 in Polearms
  8058 | D:8      | Noticed a komodo dragon
  8065 | D:8      | Killed a komodo dragon
  8077 | D:8      | Noticed a two-headed ogre
  8085 | D:8      | Killed a two-headed ogre
  8086 | D:8      | Reached skill level 10 in Armour
  8086 | D:8      | Reached XP level 10. HP: 94/94 MP: 9/9
  8093 | D:8      | Reached ***** piety under Trog
  8094 | D:8      | Found a staircase to the Lair.
  8504 | D:8      | Reached skill level 11 in Polearms
  8572 | D:8      | Found a glowing silver altar of Zin.
  8572 | D:8      | Found a broken altar of Ashenzari.
  8573 | D:8      | Found a radiant altar of Vehumet.
  8640 | Lair:1   | Entered Level 1 of the Lair of Beasts
  8760 | Lair:1   | Noticed a four-headed hydra
  8764 | Lair:1   | Noticed a cane toad
  8769 | Lair:1   | Killed a four-headed hydra
  8772 | Lair:1   | Killed a cane toad
  8895 | Lair:1   | Noticed a cane toad
  8906 | Lair:1   | Killed a cane toad
  8907 | Lair:1   | Reached skill level 12 in Polearms
  9229 | Lair:1   | Reached XP level 11. HP: 103/105 MP: 10/10
  9336 | Lair:1   | Noticed a four-headed hydra
  9342 | Lair:1   | Killed a four-headed hydra
 10309 | Lair:2   | Found a staircase to the Swamp.
 10323 | Lair:2   | Reached skill level 13 in Polearms
 10566 | Lair:2   | Reached skill level 1 in Evocations
 11097 | Lair:3   | Found a gate leading to a gauntlet.
 11104 | Gauntlet | Entered a Gauntlet
 11104 | Gauntlet | Found a transporter.
 11105 | Gauntlet | Noticed a wizard
 11114 | Gauntlet | Found a transporter.
 11114 | Gauntlet | Found a transporter.
 11124 | Gauntlet | Found a transporter.
 11127 | Gauntlet | Found a transporter.
 11129 | Gauntlet | Noticed a large abomination
 11145 | Gauntlet | Found a transporter.
 11151 | Gauntlet | Found a runed translucent door.
 11152 | Gauntlet | Found a transporter.
 11153 | Gauntlet | Found a runed translucent door.
 11161 | Gauntlet | Found a transporter.
 11165 | Gauntlet | Found a runed translucent door.
 11172 | Gauntlet | Found a transporter.
 11173 | Gauntlet | Found the +8 mithril axe "Arga" {speed, Will+}
 11175 | Gauntlet | Noticed a death drake
 11190 | Gauntlet | Found a transporter.
 11205 | Gauntlet | Found a transporter.
 11205 | Gauntlet | Found a transporter.
 11236 | Gauntlet | Killed a wizard
 11449 | Gauntlet | Found a transporter.
 11490 | Gauntlet | Killed a large abomination
 11534 | Gauntlet | Identified the +2 hat of a sewer {Will++}
 11730 | Gauntlet | Noticed a minotaur
 11737 | Gauntlet | Killed a minotaur
 11740 | Gauntlet | Identified the +5 dagger of Hubris {flame, Int+6}
 11851 | Lair:3   | Reached XP level 12. HP: 103/116 MP: 11/11
 12324 | Lair:3   | Reached skill level 5 in Evocations
 12338 | Lair:3   | Received a gift from Trog
 12742 | Lair:3   | Found a staircase to the Snake Pit.
 12877 | Lair:3   | Reached skill level 14 in Polearms
 13151 | Lair:3   | Noticed an eight-headed hydra
 13155 | Lair:3   | Killed an eight-headed hydra
 13849 | Lair:4   | Found a runed translucent door.
 13851 | Lair:4   | Noticed Juirae's ghost (journeyman TrMo)
 13957 | Lair:4   | Identified the +0 helmet of Tempters {rN+ Slay-6 Stlth+}
 14079 | Lair:4   | Reached XP level 13. HP: 125/125 MP: 12/12
 14462 | Lair:4   | Killed Juirae's ghost
 15596 | Lair:5   | You fall into a shaft and drop 1 floor!
 15596 | Lair:6   | Entered Level 6 of the Lair of Beasts
 15606 | Lair:6   | Reached skill level 15 in Fighting
 15615 | Lair:6   | Found a viscous altar of Jiyva.
 15615 | Lair:6   | Found a staircase to the Slime Pits.
 15637 | Lair:6   | Reached skill level 15 in Polearms
 15662 | Lair:6   | Received a gift from Trog
 16246 | Lair:6   | Reached skill level 15 in Armour
 16687 | Lair:6   | Reached skill level 10 in Evocations
 16878 | Lair:6   | Reached XP level 14. HP: 136/136 MP: 13/13
 16960 | Lair:6   | Noticed Qiur's ghost (journeyman DECj)
 16985 | Lair:6   | Found a transporter.
 16989 | Lair:6   | Found a transporter.
 18192 | D:9      | Found a staircase to the Orcish Mines.
 18221 | D:9      | Reached skill level 16 in Polearms
 18242 | Orc:1    | Entered Level 1 of the Orcish Mines
 18260 | Orc:1    | Reached skill level 1 in Shields
 18719 | Orc:2    | Entered Level 2 of the Orcish Mines
 18719 | Orc:2    | Noticed an orc warlord
 18719 | Orc:2    | Found Huigubuf's Armour Shoppe.
 19006 | Orc:1    | Killed an orc warlord
 19448 | Orc:2    | Bought a +2 pair of boots of stealth for 365 gold pieces
 19448 | Orc:2    | Bought a +0 pair of gloves of dexterity for 195 gold pieces
 20027 | Orc:2    | Found Vasoox's Assorted Antiques.
 20033 | Orc:2    | Noticed Erolcha
 20039 | Orc:2    | Killed Erolcha
 20039 | Orc:2    | Received a gift from Trog
 20432 | Orc:2    | Noticed an orc warlord
 20439 | Orc:2    | Killed an orc warlord
 20446 | Orc:2    | Found Ohyecut's Book Emporium.
 20457 | Orc:2    | Found Cigy's General Store.
 20486 | Orc:2    | Found a staircase to the Elven Halls.
 20494 | Orc:2    | Found Ruqumen's Antique Weapon Emporium.
 20579 | Orc:2    | Bought a translucent trident for 314 gold pieces
 20579 | Orc:2    | Identified the +3 trident "Yniahafu" {holy, *Noise rElec
                  | Int+6 Dex+3} (You bought it in a shop on level 2 of the
                  | Orcish Mines)
 20615 | Orc:2    | Found Unufaul's Antique Armour Emporium.
 20626 | Orc:2    | Found Maggal's Magic Scroll Shop.
 20677 | Orc:2    | Found Zecvow's Assorted Antiques.
 20729 | Orc:2    | Found Guiskemp's Jewellery Shop.
 20747 | Orc:2    | Bought the brooch of Shielding {Spirit SH+8} for 950 gold
                  | pieces
 20747 | Orc:2    | Found the brooch of Shielding {Spirit SH+8}
 21458 | D:9      | Found an iron altar of Okawaru.
 21678 | D:10     | Entered Level 10 of the Dungeon
 22212 | D:10     | Found Zauweme's Distillery.
 23360 | D:12     | Found a flagged portal.
 23379 | Bailey   | Entered a bailey
 23582 | Bailey   | Received a gift from Trog
 23903 | D:12     | Noticed Sonja
 23906 | D:12     | Cast into level 1 of the Abyss (Sonja)
 23906 | Abyss:1  | Found a corrupted altar of Lugonu.
 23922 | Abyss:1  | Noticed a balrug
 23933 | Abyss:1  | Killed a balrug
 23934 | Abyss:1  | Reached skill level 5 in Shields
 23935 | Abyss:1  | Reached XP level 15. HP: 80/145 MP: 7/14
 24218 | Abyss:1  | Noticed a tentacled starspawn
 24226 | Abyss:1  | Killed a tentacled starspawn
 24299 | Abyss:1  | Noticed a bone dragon
 24319 | Abyss:1  | Killed a bone dragon
 24437 | Abyss:1  | Found a corrupted altar of Lugonu.
 24446 | D:12     | Escaped the Abyss
 24454 | D:12     | Killed Sonja
 25914 | D:12     | Reached skill level 17 in Polearms
 26173 | D:13     | Noticed Josephine
 26188 | D:13     | Killed Josephine
 26200 | D:13     | Received a gift from Trog
 26643 | D:13     | Noticed Jorgrun
 26655 | D:13     | Killed Jorgrun
 26877 | D:13     | Found Ugyjosuj's Armour Boutique.
 27617 | D:14     | Found a transporter.
 27700 | D:14     | Noticed robertstho's ghost (journeyman DjFE)
 27718 | D:14     | Killed robertstho's ghost
 27719 | D:14     | Found a transporter.
 27721 | D:14     | Got the ring "Natoy" {rC+ rN+ Int-4 Dex+6}
 28225 | D:14     | Noticed Rupert
 28240 | D:14     | Killed Rupert
 28331 | D:14     | Found Ogausmego's Antique Armour Emporium.
 28357 | D:14     | Bought a polished cloak for 237 gold pieces
 28357 | D:14     | Identified the +2 cloak of Jiwkad {SInv} (You bought it in
                  | a shop on level 14 of the Dungeon)
 28432 | D:14     | Reached skill level 10 in Shields
 28950 | D:14     | Found a gate to the Vaults.
 29028 | D:14     | Found a hide-covered altar of Uskayaw.
 29180 | D:15     | Entered Level 15 of the Dungeon
 29185 | D:15     | Received a gift from Trog
 29260 | D:15     | Reached XP level 16. HP: 139/156 MP: 13/15
 29342 | D:15     | Found Ruifuik's Firing Range.
 29717 | D:15     | Identified a scroll of acquirement
 29718 | D:15     | Acquired 1259 gold pieces
 30186 | D:15     | Found a staircase to the Depths.
 30907 | Swamp:1  | Entered Level 1 of the Swamp
 31049 | Swamp:1  | Found a basalt altar of Yredelemnul.
 31095 | Swamp:1  | Noticed a thorn hunter
 31113 | Swamp:1  | Killed a thorn hunter
 32511 | Swamp:2  | Noticed Aizul
 32527 | Swamp:2  | Killed Aizul
 32527 | Swamp:2  | Received a gift from Trog
 33317 | Swamp:3  | Noticed Nikola
 33335 | Swamp:3  | Killed Nikola
 33459 | Swamp:3  | Noticed a tentacled monstrosity
 33470 | Swamp:3  | Killed a tentacled monstrosity
 33687 | Swamp:4  | Entered Level 4 of the Swamp
 33908 | Swamp:4  | Noticed Mlioglotl
 34000 | Swamp:4  | Killed Mlioglotl
 34335 | Swamp:4  | Noticed a thorn hunter
 34532 | Swamp:4  | Killed a thorn hunter
 34608 | Swamp:4  | Got a decaying rune of Zot
 34843 | Swamp:4  | Reached XP level 17. HP: 166/166 MP: 16/16
 35432 | Snake:1  | Entered Level 1 of the Snake Pit
 35598 | Snake:1  | Identified the +0 scale mail of Nyhiw {Dex+4}
 35647 | Snake:1  | Identified the ring of Demieh {+Blink rN+ Dex-5 SInv
                  | Stlth+}
 35850 | Snake:1  | Found Xoed's Jewellery Emporium.
 35850 | Snake:1  | Found Emetat's Book Boutique.
 35851 | Snake:1  | Found Nip Hemm's Book Boutique.
 35861 | Snake:1  | Bought a manual of Polearms for 1120 gold pieces
 36287 | Snake:2  | Found Fiemehi's Antique Armour Shop.
 36313 | Snake:2  | Found Hamegod's Weapon Shop.
 36313 | Snake:2  | Found Geekost's Antique Weapon Boutique.
 36316 | Snake:2  | Identified the +10 halberd "Fuuta" {flame, Dex+2} (Trog
                  | gifted it to you on level 2 of the Snake Pit)
 36316 | Snake:2  | Received a gift from Trog
 36442 | Snake:2  | Found Sootz's Antique Weapon Boutique.
 36746 | Snake:2  | Reached skill level 18 in Polearms
 39291 | Snake:4  | Entered Level 4 of the Snake Pit
 39349 | Snake:4  | Reached skill level 19 in Polearms
 40042 | Snake:4  | Received a gift from Trog
 40451 | Snake:4  | Reached skill level 20 in Polearms
 41181 | Snake:4  | Got a serpentine rune of Zot
 41941 | Vaults:1 | Entered Level 1 of the Vaults
 41945 | Vaults:1 | Reached XP level 18. HP: 176/176 MP: 17/17
 42278 | Vaults:1 | Reached skill level 21 in Polearms
 42990 | Vaults:1 | Acquired 691 gold pieces
 43455 | Vaults:1 | Reached skill level 15 in Shields
 43775 | Vaults:1 | Identified the +11 war axe of the Gloaming {vorpal, rElec
                  | Will+ Str+5 SInv} (Trog gifted it to you on level 1 of the
                  | Vaults)
 43775 | Vaults:1 | Received a gift from Trog
 43776 | Vaults:1 | Reached skill level 22 in Polearms
 43776 | Vaults:1 | Reached ****** piety under Trog
 44208 | Vaults:1 | Identified the +3 rapier of Osmyde {flame, rElec rPois
                  | Str+3 Stlth-}
 44288 | Vaults:2 | Found a transporter.
 44288 | Vaults:2 | Noticed Zenkrye's ghost (adept FoAK)
 44288 | Vaults:2 | Identified the +4 great mace "Eschuew" {flame, *Noise rF+
                  | rC+ SInv}
 44289 | Vaults:2 | Found a transporter.
 44334 | Vaults:2 | Reached skill level 1 in Axes
 44368 | Vaults:2 | Received a gift from Trog
 44500 | Vaults:2 | Found a flickering gateway to a bazaar.
 44500 | Vaults:2 | Found Buackil's Antique Weapon Shoppe.
 44508 | Bazaar   | Entered a bazaar
 44508 | Bazaar   | Found Quisum's Magic Scroll Emporium.
 44615 | Bazaar   | Found Areirhog's Antique Armour Boutique.
 44626 | Bazaar   | Found Ohocug's General Store.
 44642 | Bazaar   | Found Aqanyse's Book Shoppe.
 44653 | Bazaar   | Found Pilush's Antique Weapon Boutique.
 44672 | Bazaar   | Bought a scroll of magic mapping for 45 gold pieces
 44672 | Bazaar   | Bought a scroll of enchant weapon for 97 gold pieces
 44703 | Bazaar   | Bought a scroll of teleportation for 27 gold pieces
 44805 | Vaults:2 | Reached skill level 23 in Polearms
 44980 | Vaults:2 | Found Evitt's Magic Scroll Emporium.
 44986 | Vaults:2 | Bought a scroll of holy word for 135 gold pieces
 44986 | Vaults:2 | Bought a scroll of immolation for 63 gold pieces
 44986 | Vaults:2 | Bought a scroll of magic mapping for 63 gold pieces
 45151 | Vaults:2 | Reached XP level 19. HP: 185/185 MP: 16/18
 45238 | Vaults:2 | Found a staircase to the Crypt.
 45876 | Vaults:2 | Noticed Margery
 45877 | Vaults:2 | Cast into level 4 of the Abyss (Margery)
 45964 | Abyss:4  | Received a gift from Trog
 46124 | Vaults:2 | Escaped the Abyss
 46146 | Vaults:2 | Killed Margery
 46973 | Vaults:2 | Killed Zenkrye's ghost
 47271 | Vaults:2 | Identified the ring "Irureis" {rElec Will+ Str+4 Dex+2
                  | SInv}
 47275 | Vaults:2 | Identified the +1 scale mail of the Old World {*Corrode
                  | +Blink Int+4 Slay+2}
 47279 | Vaults:2 | Identified the amulet of Sif Muna's Respect {Acrobat rN+
                  | Stlth+}
 47516 | Vaults:3 | Reached skill level 5 in Axes
 48741 | Vaults:3 | Found Gubuma's General Store.
 48841 | Vaults:3 | Received a gift from Trog
 48943 | Vaults:3 | You fall into a shaft and drop 1 floor!
 49478 | Vaults:3 | Reached XP level 20. HP: 189/195 MP: 19/19
 50463 | Vaults:4 | Found a transporter.
 50473 | Vaults:4 | Found a transporter.
 50550 | Vaults:4 | Noticed Mara
 50560 | Vaults:4 | Noticed meatgazer's illusion
 50584 | Vaults:4 | Killed Mara
 51178 | Vaults:4 | Received a gift from Trog
 51195 | Vaults:4 | Reached skill level 24 in Polearms
 51209 | Vaults:4 | Reached skill level 15 in Evocations
 51765 | Vaults:5 | Entered Level 5 of the Vaults
 51782 | Vaults:5 | HP: 11/297 [vault guard (11)]
 51786 | Vaults:5 | HP: 3/297 [vault guard (4)]
 51786 | Vaults:5 | Mangled by a vault guard

Illustrated notes

Levels and vault maps discovered:
D:1:      lightli_arrival_quake, layout_loops_cross, chequers_big_river
D:2:      layout_basic, hellmonk_ecumenical_altar_zigzags, basic_altar,
          nrook_mini_vaults, kennysheep_generic_room_7
D:3:      layout_loops_ring, uniq_terence
D:4:      layout_loops_ring, minmay_temple_entry_tees, serial_shops,
          shop_scrolls, minmay_snake_closets
D:5:      layout_basic, dk_noncrumbling_2, uniq_crazy_yiuf_cottage
D:6:      layout_gridville
D:7:      layout_loops_ring
D:8:      layout_cave_pools, gammafunk_temple_overflow_claw,
          grunt_lair_entry_orc_guard_hut
D:9:      layout_irregular_city, okawaru_gym_becter, david_orc_5
D:10:     layout_gridville, serial_shops, nicolae_shop_waterfront
D:11:     layout_basic
D:12:     layout_irregular_city, serial_co_window_serial, co_window_paths_b,
          co_window_corner_a, co_window_paths_a, co_window_paths_a,
          co_window_paths_b, co_window_broadway_a, co_window_broadway_b,
          co_window_of_opportunity_b, co_window_broadway_b,
          co_window_of_opportunity_c, co_window_corner_cb, co_window_4corner_a,
          co_window_paths_e, glass_columns_b, glass_columns_a, glass_columns_a,
          glass_columns_a, enter_bailey_5, uniq_sonja
D:13:     layout_loops_ring, serial_shops, nicolae_shop_stone, uniq_jorgrun,
          uniq_josephine
D:14:     layout_big_octagon, skrybe_vaults_entry_preservation,
          gammafunk_ghost_stat_death, minmay_crystal_room, serial_shops, shop,
          dancing_weapons_uskayaw, uniq_rupert
D:15:     hangedman_depths_entry_try_elsewhere_first, layout_grid_maze,
          nicolae_shop_firing_range
Lair:1:   layout_cave_pods, grunt_megastairs_5
Lair:2:   layout_chaotic_city, minmay_swamp_entry_worms, grunt_megastairs_4
Lair:3:   cheibrodos_lair_river_kwai, layout_cave_pods,
          minmay_snake_entry_six_corridors, gauntlet_entry_generic,
          beast_lair_carwin_2, serial_bayou_shore_b, serial_bayou_shore_a
Lair:4:   hellmonk_ghost_happy_afterlife, layout_loops_ring
Lair:5:   layout_regular_city, grunt_forest_small_clearings,
          infiniplex_staircase_pool
Lair:6:   grunt_lair_end_beastmaster, layout_regular_city, slime_altar_1,
          gammafunk_ghost_hive, grunt_megastairs_2
Swamp:1:  layout_basic_swamp, lemuel_altar_in_water
Swamp:2:  layout_basic_swamp, nicolae_swamp_big_swirl, swamp_pool4,
          nicolae_swamp_super_fun_site, uniq_aizul
Swamp:3:  layout_basic_swamp, nicolae_swamp_well_well_well, swamp_pool3,
          uniq_nikola
Swamp:4:  swamp_alternative, layout_basic_swamp, uniq_mlioglotl
Snake:1:  layout_cave_shapes, st_stairs_2, minmay_shop_grove
Snake:2:  layout_chambers, minmay_shoptagon
Snake:3:  layout_layer_cave, nrook_loot_triangle, lemuel_fruit_tree
Snake:4:  minmay_snake_end_coiled, layout_chambers, serial_bayou_shore_b
Orc:1:    layout_diamond_mine, basic_altar
Orc:2:    grunt_orc_cross, layout_diamond_mine, serial_shops, shop, shop, shop,
          nicolae_diamond_shop, nicolae_shop_waterfront, uniq_erolcha
Vaults:1: v_rooms_1, v_misc_19, nicolae_vaults_hallways_thing, v_misc_25,
          dpeg_vaults_pockets_of_resistance, v_misc_2, vaults_room_corners,
          layout_vaults_chaotic_city
Vaults:2: gammafunk_ghost_smash, nicolae_vaults_asterisk, v_misc_3,
          nicolae_vaults_network_quinsquares
          [nicolae_vaults_network_quincunx_subvault,
          nicolae_vaults_network_quincunx_subvault,
          nicolae_vaults_network_quincunx_subvault,
          nicolae_vaults_network_quincunx_subvault], vaults_room_ringed_pool,
          vaults_mumra_chevron, nicolae_vaults_network_barrier,
          nicolae_vaults_network_quincunx
          [nicolae_vaults_network_quincunx_subvault,
          nicolae_vaults_network_quincunx_subvault,
          nicolae_vaults_network_quincunx_subvault,
          nicolae_vaults_network_quincunx_subvault,
          nicolae_vaults_network_quincunx_subvault], nicolae_vaults_gold_heap,
          minmay_crypt_entry_nasty_monster, grunt_vaults_hallway_long,
          nicolae_vaults_shelves_hall, v_misc_27, serial_ice_b,
          layout_vaults_omnibox, serial_shops, bzr_entry_dummy,
          nicolae_shop_stone, nicolae_shop_stone, uniq_margery
Vaults:3: hangedman_vaults_restitches, vaults_dpeg_encased_lava,
          nicolae_vaults_mini_display_case, vaults_dpeg_spiral,
          hangedman_vaults_corner, v_misc_4, v_misc_29, nicolae_vaults_meeting,
          v_misc_5, vaults_dpeg_hooks, layout_vaults_omnigrid, serial_shops,
          nicolae_square_shop
Vaults:4: vaults_room_stairs_pillars, v_misc_22, vaults_room_door_ring,
          nicolae_vaults_little_squares_2, v_misc_24, nicolae_vaults_alarming,
          vaults_room_grid, v_misc_8, vaults_mumra_hexcomb,
          gammafunk_sealed_arena, nicolae_vaults_what_the_h,
          nicolae_vaults_little_squares_2, nicolae_vaults_little_squares_1,
          layout_vaults_ring, uniq_mara
Vaults:5: serial_shops, uniq_jory, uniq_bai_suzhen

Skill      XL: |  1  2  3  4  5  6  7  8  9 10 11 12 13 14 15 16 17 18 19 20 |
---------------+-------------------------------------------------------------+-----
Fighting       | 4 5 6 7 8 9 10 12 13 14 15 16 17 18 19 20 21 | 21.2
Polearms       | 4 5 6 7 8 9 10 12 13 14 15 16 17 20 23 24 | 24.0
Armour         | 4 7 10 11 13 14 15 16 17 18 19 20 21 | 21.2
Evocations     | 4 7 10 11 12 13 14 15 | 15.0
Shields        | 5 10 14 15 16 17 | 17.2
Axes           | 2 6 8 |  8.2
Dodging        | |  2.1

Action                   |  1- 3 |  4- 6 |  7- 9 | 10-12 | 13-15 | 16-18 | 19-21 || total
-------------------------+-------+-------+-------+-------+-------+-------+-------++-------
Melee: Spear             |   107 |   168 |    44 |       |       |       |       ||   319
       Headbutt          |     5 |    28 |    25 |   112 |   319 |   339 |   164 ||   992
       Demon trident     |       |       |   179 |   417 |   136 |       |       ||   732
       Halberd           |       |       |       |       |   360 |   581 |   521 ||  1462
       Trident           |       |       |       |       |   534 |   658 |       ||  1192
Invok: Berserk           |     1 |     2 |     6 |    14 |    26 |    31 |    18 ||    98
       Brothers in Arms  |       |       |       |     3 |     7 |     9 |     6 ||    25
       Trog's Hand       |       |       |       |       |     3 |       |       ||     3
Evoke: Tin of tremorston |       |       |       |     2 |     7 |    11 |     6 ||    26
       Wand              |       |       |       |       |    14 |    10 |     2 ||    26
       Condenser vane    |       |       |       |       |       |     5 |     4 ||     9
  Use: Scroll            |     2 |     6 |    12 |     7 |    18 |    22 |     5 ||    72
       Potion            |       |     3 |     1 |     1 |     6 |     7 |     5 ||    23
 Stab: Sleeping          |     2 |       |       |       |       |       |       ||     2
       Distracted        |       |       |     1 |       |     1 |       |       ||     2
       Petrified         |       |       |       |       |     2 |       |       ||     2
       Confused          |       |       |       |       |       |     2 |       ||     2
Armor: Animal skin       |     5 |       |       |       |       |       |       ||     5
       Scale mail        |     7 |    46 |     4 |       |       |       |       ||    57
       Plate armour      |       |       |    63 |   192 |   398 |    44 |       ||   697
       Gold dragon scale |       |       |       |       |       |   399 |   264 ||   663
Dodge: Dodged            |    36 |    37 |    56 |   121 |   236 |   196 |    82 ||   764
Block: Other             |       |       |       |       |   124 |   126 |   103 ||   353
       Kite shield       |       |       |       |       |       |   336 |       ||   336

Table legend: (Time is in decaauts)
 A = Elapsed time spent in this place.
 B = Non-inter-level travel time spent in this place.
 C = Inter-level travel time spent in this place.
 D = Time resting spent in this place.
 E = Time spent auto-exploring this place.
 F = Levels seen in this place.
 G = Mean time per level.
                   A        B        C        D        E       F      G
               +--------+--------+--------+--------+--------+-----+--------+
         Total |  51731 |  49353 |   2378 |  13911 |  28718 |  41 | 1261.7 |
       Dungeon |  18200 |  17129 |   1071 |   3730 |  11354 |  15 | 1213.3 |
          Lair |   8633 |   8038 |    595 |   1317 |   5723 |   6 | 1438.8 |
         Swamp |   4635 |   4521 |    114 |   1817 |   2057 |   4 | 1158.8 |
     Snake Pit |   6205 |   5899 |    306 |   1542 |   3628 |   4 | 1551.2 |
  Orcish Mines |   2793 |   2743 |     50 |   1340 |   1078 |   2 | 1396.5 |
        Vaults |   9344 |   9104 |    240 |   3428 |   4433 |   5 | 1868.8 |
         Abyss |    766 |    766 |      0 |    338 |    170 |   2 |  383.0 |
        Bazaar |    211 |    211 |      0 |      7 |    157 |   1 |  211.0 |
        Bailey |    259 |    259 |      0 |      0 |     74 |   1 |  259.0 |
      Gauntlet |    680 |    680 |      0 |    388 |     42 |   1 |  680.0 |
               +--------+--------+--------+--------+--------+-----+--------+

Top non-repeatable levels by time:
Vaults:2: 2948 daAuts
Vaults:3: 2431 daAuts
 Snake:4: 2327 daAuts
Vaults:1: 2286 daAuts
    D:12: 2018 daAuts
    D:14: 1923 daAuts
  Lair:3: 1912 daAuts
 Swamp:2: 1792 daAuts
   Orc:1: 1707 daAuts
Vaults:4: 1666 daAuts
  Lair:6: 1636 daAuts
     D:6: 1596 daAuts
 Snake:3: 1527 daAuts
    D:13: 1484 daAuts
 Snake:2: 1455 daAuts
